 Dungeon Crawl Stone Soup version 0.25-a0-528-g6b7c99946c (webtiles) character file.

Game seed: 11006436776104349084, levelgen mode: deterministic

2 vurker the Gusty (level 1, -1/7 HPs)
             Began as a Felid Air Elementalist on Feb 20, 2020.
             Hit by a stone thrown by a hobgoblin (4 damage)
             ... on level 1 of the Dungeon.
             The game lasted 00:00:22 (60 turns).

vurker the Gusty (Felid Air Elementalist)             Turns: 60, Time: 00:00:22

Health: -1/7       AC:  1    Str:  4    XL:     1   Next: 33%
Magic:  0/4        EV: 18    Int: 16    God:
Gold:   0          SH:  0    Dex: 16    Spells: 3/4 levels left
                                        Lives:  0   Deaths: 0

rFire    . . .     SeeInvis +   (weapon unavailable)
rCold    . . .     Gourm    .   (shield unavailable)
rNeg     . . .     Faith    .   (armour unavailable)
rPois    .         Spirit   .   (helmet unavailable)
rElec    .         Reflect  .   (cloak unavailable)
rCorr    .         Harm     .   (gloves unavailable)
MR       .....                  (boots unavailable)
Stlth    +++.......             (no amulet)
HPRegen  0.02/turn              (no ring)
MPRegen  0.09/turn              (no ring)

@: very slightly contaminated, quick
A: very small, no armour, no weapons or thrown items, stealth, claws 1, fangs 3,
see invisible, carnivore, speed 1, shaggy fur 1, slow metabolism 1, sharp paws
a: no special abilities


You were on level 1 of the Dungeon.
You were not hungry.

You visited 1 branch of the dungeon, and saw 1 of its levels.

Inventory:

Scrolls
 a - a scroll of identify {unknown}
Comestibles
 e - a ration


   Skills:
 + Level 0.0 Fighting
 - Level 2.6 Dodging
 - Level 2.6 Stealth
 * Level 2.0 Spellcasting
 * Level 1.0 Conjurations
 * Level 2.7 Air Magic


You had 3 spell levels left.
You knew the following spells:

 Your Spells              Type           Power        Failure   Level  Hunger
a - Shock                 Conj/Air       #...         10%         1    #......

Your spell library contained the following spells:

 Spells                   Type           Power        Failure   Level  Hunger
 Swiftness                Chrm/Air       #.......     19%         2    ###....
 Static Discharge         Conj/Air       #.......     28%         3    ###....
 Airstrike                Air            ##........   54%         4    #####..
 Lightning Bolt           Conj/Air       #.........   95%         5    ######.


Dungeon Overview and Level Annotations

Branches:
Dungeon (1/15)

Altars:


Innate Abilities, Weirdness & Mutations

You cannot wear armour.
You are incapable of wielding weapons or throwing items.
Your paws allow you to move quietly. (Stealth)
You have sharp claws.
You have razor-sharp teeth.
You have supernaturally acute eyesight. (SInv)
You are carnivorous and can eat meat at any time.
You cover ground quickly.
You are covered in fur. (AC +1)
You have a slow metabolism.
Your sharp claws are effective at attacking unaware monsters.


Message History

e - a ration Welcome, vurker the Felid Air Elementalist.
The bosom of this dungeon contains the legendary artefact, the Orb of Zot.
Found 16 arrows and a scroll labeled LUL PYUXKUOK.
Found a staircase leading out of the dungeon.
a - a scroll labeled LUL PYUXKUOK You open the door.
There is an open door here.
You open the door. 2 goblins come into view.
You close the door.
There's nothing to close nearby.
You open the door.
The goblin is too close now for your liking.
Aim: a goblin, quivering 26 stones (resting)
The zap hits the goblin.
You kill the goblin!
Aim: a goblin, quivering 14 stones (black smoke, resting)
You miscast Shock.
You are very lightly contaminated with residual magic.
Strange energies run through your body.
Aim: a goblin, quivering 14 stones (black smoke, resting)
The zap hits the goblin.
You kill the goblin!
Your Conjurations skill increases to level 1!
Your magical contamination has completely faded away.
There is an open door here.
There is an open door here.
There is an open door here.
You open the large door.
A hobgoblin comes into view.
Aim: a hobgoblin, quivering 22 stones (black smoke, resting)
The zap hits the hobgoblin but does no damage.
The hobgoblin shouts!
A hobgoblin comes into view.
Aim: a hobgoblin, quivering 15 stones (hasn't noticed you)
You miscast Shock.
You are very lightly contaminated with residual magic.
Strange energies run through your body.
Aim: a hobgoblin, quivering 22 stones The zap misses the hobgoblin.
The hobgoblin throws a stone.
The stone completely misses you.
Aim: a hobgoblin, quivering 21 stones The zap hits the hobgoblin.
The hobgoblin throws a stone.
The stone hits you.
Ouch! That really hurt!
* * * LOW HITPOINT WARNING * * *
The hobgoblin throws a stone.
The stone hits you.
Ouch! That really hurt!
You die...

###+### #####
###8#8+8###
##≈..###.........##
#≈≈.(##...........##
#≈...##..(.........#
+≈(..'8.....<(......
#≈...#'............#
#≈≈..##...........##
##≈..###...@.....##
##### ####8'8####
##'## gg ... ≈≈≈≈
+####


You could see 2 hobgoblins.

Vanquished Creatures
  2 goblins (D:1)
2 creatures vanquished.

Notes
Turn   | Place    | Note
-------+----------+-------------------------------------------
     0 | D:1      | vurker the Felid Air Elementalist began the quest for the
                  | Orb.
     0 | D:1      | Reached XP level 1. HP: 7/7 MP: 4/4
    15 | D:1      | Reached skill level 1 in Conjurations
    60 | D:1      | Hit by a stone thrown by a hobgoblin

Levels and vault maps discovered:
D:1:      dpeg_arrival_morbid_curiosity, layout_loops_ring

Skill      XL: |  1 |
---------------+----+-----
Conjurations   | 1 |  1.0
Dodging        | |  2.6
Stealth        | |  2.6
Spellcasting   | |  2.0
Air Magic      | |  2.7

Action                   || total
-------------------------++-------
 Cast: Shock             ||     5
Dodge: Dodged            ||     1

Table legend:
 A = Non-vault XP
 B = Vault XP
 C = Vault XP percentage of total XP
 D = Non-vault monster count
 E = Vault monster count
 F = Vault count percentage of total count
                 A         B        C        D         E       F
            +---------+---------+-------+---------+---------+-------
      Total |       0 |       4 | 100.0 |       0 |       2 | 100.0
            +---------+---------+-------+---------+---------+-------
        D:1 |       0 |       4 | 100.0 |       0 |       2 | 100.0
            +---------+---------+-------+---------+---------+-------
